 Dungeon Sprint DCSS version 0.22.1-1-ga44c0e5 (webtiles) character file.

1800000 Jamjie98 the Infernalist (level 17, -30/146 HPs)
             Began as a Pale Draconian Fire Elementalist on Oct 1, 2018.
             Annihilated by a meat berserker
             ... wielding a +9 battleaxe
              (34 damage)
             ... in the Dungeon (Sprint VIII: "Arena of Blood").
             The game lasted 00:02:10 (18 turns).

Jamjie98 the Infernalist (DrFE)                       Turns: 18, Time: 00:02:11

Health: -30/146    AC:  9    Str: 16    XL:     17   Next: 68%
Magic:  3/47       EV: 24    Int: 18    God:
Gold:   0          SH:  0    Dex: 11    Spells: 67/68 levels left

rFire    . . .     SeeInvis .   a - +∞ Axe of Woe
rCold    . . .     Gourm    .   (shield currently unavailable)
rNeg     . . .     Faith    .   (armour unavailable)
rPois    .         Spirit   .   (helmet restricted)
rElec    .         Reflect  .   (no cloak)
rCorr    .         Harm     .   (no gloves)
MR       +....     NoTele   +   (no boots)
Stlth    +++++++...             (no amulet)
HPRegen  0.34/turn              (no ring)
MPRegen  0.30/turn              (no ring)

@: no status effects
A: breathe steam, unfitting armour, cold-blooded, AC +9
a: Breathe Steam


You were in the Dungeon.
You were not hungry.

You visited 1 branch

Inventory:

Hand Weapons
 a - the +∞ Axe of Woe (weapon)
   (You found it in the Dungeon)
Scrolls
 h - a scroll of blinking
Potions
 c - a potion of curing
 d - a potion of heal wounds
 e - a potion of haste
 f - 2 potions of magic
 g - a potion of berserk rage
Comestibles
 b - a ration


   Skills:
 + Level 12.2 Fighting
 + Level 21.6 Axes
 + Level 21.2 Dodging
 + Level 19.7 Stealth
 + Level 26.2 Spellcasting
 + Level 13.4 Conjurations
 O Level 27 Fire Magic


You had 67 spell levels left.
You knew the following spells:

 Your Spells              Type           Power        Failure   Level  Hunger
a - Flame Tongue          Conj/Fire      #####        0%          1    None

Your spell library contained the following spells:

 Spells                   Type           Power        Failure   Level  Hunger
 Throw Flame              Conj/Fire      ######       0%          2    None
 Conjure Flame            Conj/Fire      #######.     0%          3    None
 Sticky Flame             Conj/Fire      #######.     0%          4    None
 Fireball                 Conj/Fire      #######...   0%          5    None
 Inner Flame              Hex/Fire       ######..     1%          3    None


Dungeon Overview and Level Annotations

Branches:
Dungeon (1/1)

Altars:
Makhleb


Innate Abilities, Weirdness & Mutations

You can breathe blasts of scalding, opaque steam.
Your pale cyan-grey scales are hard. (AC +9)
You cannot fit into any form of body armour.
You are cold-blooded and may be slowed by cold attacks.


Message History

A meat berserker comes into view. It is wielding a +9 battleaxe.
You hear a shout!
You slice the meat berserker!!
You slaughter the meat berserker joyfully.
You kill the meat berserker!
Your Fighting skill gained 2 levels and is now at level 12!
Your Axes skill gained 2 levels and is now at level 21!
Your Dodging skill increases to level 21!
Your Stealth skill increases to level 19!
Your Spellcasting skill gained 2 levels and is now at level 26!
Your Conjurations skill increases to level 13!
You hear a shout! x2
A destroyer comes into view.
It is wielding a +9 great sword of slicing.
You hear a shout! x3
A bag of meat comes into view. It is wielding a +9 war axe.
You hear a shout!
A bag of meat comes into view. It is wielding a +9 war axe.
You hear a shout! x5
The meat berserker hits you with a +9 battleaxe!!
You die... ....... ......o... . .......... .o ......... oO.

#.......# o...
#.......# ...V.
.###.......###.oo...
......###).@OoOO....
......_...).o......
..#....)#......o#.
#_.<._#...O.....
#.....#......#.#
....._............
......###.........#o
.###.. ...###.....
#.. ...# .....


You could see a destroyer, 4 meat berserkers and 6 bags of meat.

Vanquished Creatures
  5 ogres (D)
  4 orcs (D)
9 creatures vanquished.

Notes
Turn   | Place    | Note
-------+----------+-------------------------------------------
     0 | D        | Found the +∞ Axe of Woe
     0 | D        | Jamjie98 the Draconian Fire Elementalist began the quest
                  | for the Orb.
     0 | D        | Reached XP level 1. HP: 14/14 MP: 3/3
     2 | D        | Noticed a bag of meat
     6 | D        | Noticed a meat berserker
     6 | D        | Noticed a bag of meat
     6 | D        | Noticed a bag of meat
     7 | D        | Killed a bag of meat
     7 | D        | Reached skill level 5 in Axes
     7 | D        | Reached skill level 20 in Fire Magic
     7 | D        | Reached XP level 2. HP: 20/20 MP: 1/15
     7 | D        | Reached XP level 3. HP: 26/26 MP: 1/17
     7 | D        | Reached XP level 4. HP: 33/33 MP: 1/18
     7 | D        | Reached XP level 5. HP: 38/38 MP: 1/20
     7 | D        | Reached XP level 6. HP: 45/45 MP: 1/21
     7 | D        | Your scales start taking on a pale cyan-grey colour.
     7 | D        | Reached skill level 21 in Fire Magic
     7 | D        | Reached XP level 7. HP: 50/50 MP: 1/23
     7 | D        | Reached XP level 8. HP: 57/57 MP: 1/24
     7 | D        | Reached XP level 9. HP: 62/62 MP: 1/25
     7 | D        | Reached XP level 10. HP: 69/69 MP: 1/26
     7 | D        | Reached XP level 11. HP: 74/74 MP: 1/27
     8 | D        | Noticed a bag of meat
     8 | D        | Noticed a bag of meat
    10 | D        | Killed a bag of meat
    10 | D        | Reached skill level 10 in Stealth
    10 | D        | Reached skill level 5 in Conjurations
    10 | D        | Reached skill level 24 in Fire Magic
    10 | D        | Reached XP level 12. HP: 40/81 MP: 0/30
    10 | D        | Killed a meat berserker
    10 | D        | Reached skill level 27 in Fire Magic
    10 | D        | Reached XP level 13. HP: 42/86 MP: 0/34
    10 | D        | Reached XP level 14. HP: 46/93 MP: 0/35
    11 | D        | Noticed a bag of meat
    11 | D        | Noticed a meat berserker
    11 | D        | Noticed a meat berserker
    12 | D        | Noticed a meat berserker
    13 | D        | Noticed a meat berserker
    14 | D        | Killed a bag of meat
    14 | D        | Reached skill level 1 in Fighting
    14 | D        | Reached skill level 10 in Axes
    14 | D        | Reached skill level 15 in Dodging
    14 | D        | Killed a meat berserker
    14 | D        | Reached skill level 15 in Stealth
    14 | D        | Reached skill level 10 in Conjurations
    14 | D        | Reached XP level 15. HP: 53/105 MP: 2/39
    14 | D        | Noticed a meat berserker
    14 | D        | Noticed a meat berserker
    14 | D        | HP: 2/105 [meat berserker/+9 battleaxe (11)]
    15 | D        | Killed a meat berserker
    15 | D        | Reached XP level 16. HP: 2/123 MP: 2/42
    15 | D        | Noticed a meat berserker
    16 | D        | Killed a meat berserker
    16 | D        | Reached skill level 10 in Fighting
    16 | D        | Reached XP level 17. HP: 3/140 MP: 2/45
    16 | D        | Noticed a meat berserker
    16 | D        | Noticed a meat berserker
    17 | D        | Killed a meat berserker
    17 | D        | Noticed a destroyer
    18 | D        | Annihilated by a meat berserker

Skill      XL: |  1  2  3  4  5  6  7  8  9 10 11 12 13 14 15 16 17 |
---------------+----------------------------------------------------+-----
Axes           | 5 8 13 16 19 21 | 21.6
Dodging        | 9 11 13 16 18 20 21 | 21.2
Stealth        | 9 10 12 15 17 18 19 | 19.7
Spellcasting   | 12 14 17 20 22 24 26 | 26.2
Conjurations   | 4 5 7 10 11 12 13 | 13.4
Fire Magic     | 20 21 24 27 | 27.0
Fighting       | 2 6 10 12 | 12.2

Action                   |  1- 3 |  4- 6 |  7- 9 | 10-12 | 13-15 | 16-18 || total
-------------------------+-------+-------+-------+-------+-------+-------++-------
Melee: Executioner's axe |     1 |       |       |     1 |     2 |     2 ||     6
 Cast: Flame Tongue      |     2 |       |       |     1 |       |       ||     3
